 Dungeon Crawl Stone Soup version 0.23.0 (webtiles) character file.

Game seed: 7057407021566669734

137 Think the Ducker (level 5, -2/30 HPs)
             Began as a Deep Elf Transmuter on Feb 21, 2019.
             Slain by a crocodile (8 damage)
             ... in a sewer on Feb 22, 2019.
             The game lasted 00:12:50 (5021 turns).

Think the Ducker (Deep Elf Transmuter)              Turns: 5021, Time: 00:12:50

Health: -2/30      AC:  3    Str:  7    XL:     5   Next: 0%
Magic:  11/11      EV: 14    Int: 18    God:
Gold:   113        SH:  0    Dex: 16    Spells: 7/10 levels left

rFire    . . .     SeeInvis +     - Unarmed
rCold    . . .     Gourm    .   (no shield)
rNeg     . . .     Faith    .   b - +0 robe
rPois    .         Spirit   .   e - +0 helmet
rElec    .         Reflect  .   (no cloak)
rCorr    .         Harm     .   (no gloves)
MR       .....                  (boots currently unavailable)
Stlth    +.........             (no amulet)
HPRegen  0.10/turn              j - ring of see invisible
MPRegen  0.12/turn              (no ring)

@: appendage (expiring)
A: talons 3
a: End Transformation


You were in a sewer.
You were not hungry.
You had grown temporary talons.
You visited 1 branch of the dungeon, and saw 4 of its levels.
You also visited: Sewer.

You collected 113 gold pieces.

Inventory:

Missiles
 a - 15 arrows
Armour
 b - a +0 robe (worn)
 e - a +0 helmet (worn)
Jewellery
 j - a ring of see invisible (left hand)
Wands
 o - a wand of enslavement (9)
Scrolls
 f - a scroll of blinking {unknown}
 i - 2 scrolls of enchant weapon {unknown}
 k - a scroll of teleportation {unknown}
 l - a scroll of remove curse {unknown}
 m - a scroll of fog {unknown}
 q - a scroll of random uselessness {unknown}
Potions
 c - a potion of invisibility {unknown}
 g - a potion of agility
 h - a potion of flight {unknown}
 n - a potion of brilliance
Comestibles
 d - 2 rations


   Skills:
 + Level 2.0 Fighting
 + Level 3.7 Dodging
 + Level 3.1 Unarmed Combat
 - Level 3.0 Spellcasting
 + Level 3.4 Transmutations


You had 7 spell levels left.
You knew the following spells:

 Your Spells              Type           Power        Failure   Level  Hunger
a - Beastly Appendage     Tmut           ###...       4%          1    None
b - Sticks to Snakes      Tmut           ###.....     6%          2    ##.....

Your spell library contained the following spells:

 Spells                   Type           Power        Failure   Level  Hunger
 Spider Form              Tmut/Pois      #.........   24%         3    ###....
 Ice Form                 Ice/Tmut       #.......     63%         4    ####...
 Blade Hands              Tmut           ###.......   73%         5    ######.


Dungeon Overview and Level Annotations

Branches:
Dungeon (4/15)
 Temple: D:4-7

Altars:


Innate Abilities, Weirdness & Mutations

You have claws for feet.


Message History

The crocodile is lightly wounded.
The crocodile misses you.
You closely miss the crocodile.
You claw the crocodile, but do no damage.
The crocodile is lightly wounded.
The crocodile bites you.
You hit the crocodile but do no damage. You claw the crocodile.
The crocodile is moderately wounded.
The crocodile bites you!
You barely miss the crocodile. You claw the crocodile.
The crocodile is moderately wounded.
The crocodile bites you!
* * * LOW HITPOINT WARNING * * *
You closely miss the crocodile.
The crocodile is moderately wounded.
Your transformation is almost over.
You closely miss the crocodile. Your kick misses the crocodile.
The crocodile is moderately wounded.
The crocodile bites you!
You die...

## ##
#($#.
?.#≈#
#≈≈≈
##.≈.##
#..≈≈t#
#...≈@##
#..≈#...#
#. ##..##
#.≈.#
##..#
#..# #..
#≈.# #..#
##..#
#.≈.
#≈..#


You could see a crocodile.

Vanquished Creatures
  5 gnolls (D:3)
  2 adders (D:3)
  A worm (D:3)
  3 dart slugs
  2 orcs (D:4)
  3 bats
  A giant cockroach (D:1)
  3 goblins
  7 hobgoblins
  2 jackals (Sewer)
  A quokka (D:2)
  A ball python (D:4)
  6 frilled lizards
  7 kobolds
  4 rats
48 creatures vanquished.

Vanquished Creatures (collateral kills)
  An orc wizard (D:4)
  2 gnolls (D:3)
  A dart slug (D:1)
  3 bats
  2 kobolds (D:1)
  A frilled lizard (D:2)
  2 rats
12 creatures vanquished.

Grand Total: 60 creatures vanquished

Notes
Turn   | Place    | Note
-------+----------+-------------------------------------------
     0 | D:1      | Think the Deep Elf Transmuter began the quest for the Orb.
     0 | D:1      | Reached XP level 1. HP: 11/11 MP: 6/6
   360 | D:1      | Reached skill level 1 in Fighting
   601 | D:1      | Reached XP level 2. HP: 13/16 MP: 8/8
   605 | D:1      | Learned a level 2 spell: Sticks to Snakes
  2375 | D:3      | Reached XP level 3. HP: 7/20 MP: 4/9
  2901 | D:3      | Found a faded altar of an unknown god.
  3014 | D:3      | Reached XP level 4. HP: 6/26 MP: 3/10
  4374 | D:4      | HP: 1/26 [orc/+0 morningstar (12)]
  4790 | D:4      | Found a glowing drain.
  4800 | Sewer    | Entered a sewer
  4971 | Sewer    | Reached XP level 5. HP: 22/30 MP: 9/11
  5010 | Sewer    | Noticed a crocodile
  5021 | Sewer    | Slain by a crocodile

Skill      XL: |  1  2  3  4 |
---------------+-------------+-----
Fighting       | 1 2 |  2.0
Dodging        | 3 |  3.7
Transmutations | 3 |  3.4
Unarmed Combat | 3 |  3.1
Spellcasting   | |  3.0

Action                   |  1- 3 |  4- 6 || total
-------------------------+-------+-------++-------
Melee: Unarmed           |   145 |    81 ||   226
       Punch             |     3 |     1 ||     4
       Kick              |     6 |    20 ||    26
 Cast: Sticks to Snakes  |    19 |     9 ||    28
       Beastly Appendage |     6 |    12 ||    18
  Use: Potion            |     4 |     4 ||     8
  Eat: Ration            |     2 |     2 ||     4
       Chunk             |       |     1 ||     1
Armor: Robe              |    30 |    22 ||    52
       Skin              |       |     4 ||     4
Dodge: Dodged            |   118 |    74 ||   192
